 Dungeon Crawl Stone Soup version 0.30-a0-1123-gabc949cf19 (webtiles) character file.

Game seed: 5042208385059242615

194 themarg the Firebug (level 5, -4/41 HPs)
             Began as a Demonspawn Cinder Acolyte on Apr 22, 2023.
             Was a High Priest of Ignis.
             Killed by nerve-wracking pain
             ... invoked by Grinder
              (13 damage)
             ... on level 3 of the Dungeon.
             The game lasted 00:05:26 (2279 turns).

themarg the Firebug (Demonspawn Cinder Acolyte)     Turns: 2279, Time: 00:05:26

Health: -4/41      AC:  9    Str: 14    XL:     5   Next: 44%
Magic:  1/8        EV: 11    Int: 17    God:    Ignis [*****.]
Gold:   120        SH:  0    Dex: 11    Spells: 6/8 levels left

rFire   + + .        a - -1 hand axe (flame)
rCold   + . .        (no shield)
rNeg    . . .        b - +0 robe
rPois   .            (no helmet)
rElec   .            c - scarf {rC+ rF+}
rCorr   .            (no gloves)
SInv    .            (no boots)
Will    .....        (no amulet)
Stlth   ++           (no ring)
HPRegen 0.26/turn    (no ring)
MPRegen 0.11/turn

%: no passive effects
@: fiery-armoured
A: thin skeletal structure 1, powered by pain 3
a: Renounce Religion, Fiery Armour, Foxfire Swarm, Rising Flame


You were on level 3 of the Dungeon.
You worshipped Ignis.
Ignis was extremely pleased with you.
You visited 1 branch of the dungeon, and saw 3 of its levels.

You collected 120 gold pieces.

Inventory:

Hand Weapons
 a - a -1 hand axe of flaming (weapon)
Missiles
 d - 35 stones (quivered)
Armour
 b - a +0 robe (worn)
 c - a scarf of resistance (worn)
Scrolls
 e - 3 scrolls of identify {unknown}
 i - a scroll of enchant armour {unknown}
 j - a scroll of immolation {unknown}
 l - 2 scrolls of enchant weapon {unknown}
 m - a scroll of fog {unknown}
Potions
 f - 2 potions of attraction {unknown}
 g - a potion of cancellation {unknown}
 h - a potion of curing {unknown}
 k - 2 potions of degeneration {unknown}
 n - a potion of invisibility {unknown}


   Skills:
 - Level 3.0 Fighting
 - Level 2.6 Axes
 - Level 2.0 Spellcasting
 + Level 5.3 Fire Magic


You had 6 spell levels left.
You knew the following spells:

 Your Spells              Type           Power      Damage    Failure   Level
a - Scorch                Fire           38%        2d7       3%          2

Your spell library contained the following spells:

 Spells                   Type           Power      Damage    Failure   Level
 Cigotuvi's Dreadful Rot  Necr/Pois/Air  2%         N/A       28%         2
 Dispel Undead            Necr           1%         3d6       88%         4
 Death Channel            Necr           0%         N/A       100%        6


Dungeon Overview and Level Annotations

Branches:
Dungeon (3/15)

Altars:

Shops:
D:3 :

Annotations:
D:3 Grinder


Innate Abilities, Weirdness & Mutations

You have a somewhat thin skeletal structure. (Dex +2, Stealth+)
You are powered by pain.


Message History

Grinder is heavily wounded.
Grinder gestures at you.
You barely resist.
Flames lash the adder.
The adder is severely wounded.
The adder's fire resistance burns away.
Grinder hits you.
You writhe in agony.
You hit Grinder. You burn Grinder.
Grinder is severely wounded.
Grinder is no longer more vulnerable to fire.
Grinder hits you.
You writhe in agony.
The adder barely misses you. Grinder barely misses you.
You hit the adder. You burn the adder.
The adder is almost dead.
You hit Grinder. You burn Grinder. The adder barely misses you.
Grinder hits you.
You writhe in agony.
* * * LOW HITPOINT WARNING * * *
A protective cloak of flame settles atop you.
The adder is no longer more vulnerable to fire.
The adder closely misses you. Grinder gestures at you.
Pain shoots through your body!
* * * LOW HITPOINT WARNING * * *
You hit the adder. You burn the adder.
You kill the adder!
You barely miss Grinder. Grinder gestures at you.
You resist with significant effort.
You hit Grinder but do no damage.
Grinder is severely wounded.
Grinder barely misses you.
You barely miss Grinder.
Grinder is severely wounded.
Grinder hits you but does no damage.
Grinder is burned by your cloak of flames.
Grinder is almost dead.
You barely miss Grinder.
Grinder is almost dead.
Grinder gestures at you. Pain shoots through your body!
You die...

. ........r.....?. ..
.....>......##.. ... ..
..####.###..# .... .. # #.
..## ....)#### .# ..#. ..
#.# .
............#####.##....#..
...[....###.).<.#......#..#
........#######..........#
........#.......@†......
....∩............5##....
.......##...............
.......##..........##..#
#.##.........##
#............#
###..........##
#.............
...###...........##


You could see Grinder.

Vanquished Creatures
  A hound (D:2)
  3 adders (D:3)
  7 gnolls
  3 worms
  A dart slug (D:3)
  An orc (D:3)
  4 endoplasms
  6 giant cockroaches
  4 goblins
  3 hobgoblins (D:1)
  4 jackals
  A quokka (D:1)
  5 ball pythons
  3 bats (D:1)
  4 frilled lizards
  8 kobolds
  3 rats
61 creatures vanquished.

Notes
Turn   | Place    | Note
-------+----------+-------------------------------------------
     0 | D:1      | themarg the Demonspawn Cinder Acolyte began the quest for
                  | the Orb.
     0 | D:1      | Reached XP level 1. HP: 18/18 MP: 2/2
   196 | D:1      | Reached skill level 3 in Fire Magic
   213 | D:1      | Gained mutation: You sometimes gain a little power by
                  | taking damage. [demonic ancestry]
   213 | D:1      | Reached XP level 2. HP: 24/24 MP: 2/4
   218 | D:1      | Learned a level 2 spell: Scorch
   752 | D:1      | Gained mutation: You sometimes gain power by taking damage.
                  | [demonic ancestry]
   752 | D:1      | Reached XP level 3. HP: 29/29 MP: 3/6
  1285 | D:2      | Reached skill level 4 in Fire Magic
  1285 | D:2      | Gained mutation: You are powered by pain. [demonic
                  | ancestry]
  1285 | D:2      | Reached XP level 4. HP: 16/35 MP: 0/7
  2081 | D:3      | Noticed Grinder
  2129 | D:3      | Found Onleg's Book Shop.
  2150 | D:3      | Gained mutation: You have a somewhat thin skeletal
                  | structure. (Dex +2, Stealth+) [demonic ancestry]
  2150 | D:3      | Reached XP level 5. HP: 19/41 MP: 0/8
  2151 | D:3      | Reached skill level 5 in Fire Magic
  2279 | D:3      | Killed from afar by Grinder

Illustrated notes

Levels and vault maps discovered:
D:1:      enne_arrival_octagon_isle, layout_basic, amcnicky_mini_pool_small
D:2:      layout_loops_ring
D:3:      layout_rooms, serial_shops, nicolae_shop_just_a_little_nook,
          nicolae_shop_tiny_waterfront, shop, nicolae_shop_just_a_little_nook,
          uniq_grinder

Skill      XL: |  1  2  3  4  5 |
---------------+----------------+-----
Fire Magic     | 3 4 5 |  5.3
Spellcasting   | 2 |  2.0
Fighting       | |  3.0
Axes           | |  2.6

Action                     |  1- 3 |  4- 6 || total
---------------------------+-------+-------++-------
  Melee: Hand axe          |    29 |    19 ||    48
   Cast: Scorch            |    25 |    28 ||    53
 Invoke: Fiery Armour      |     1 |     2 ||     3
 Armour: Robe              |     7 |     5 ||    12
  Dodge: Dodged            |    24 |    16 ||    40

Table legend: (Time is in decaauts)
 A = Elapsed time spent in this place.
 B = Non-inter-level travel time spent in this place.
 C = Inter-level travel time spent in this place.
 D = Time resting spent in this place.
 E = Time spent auto-exploring this place.
 F = Levels seen in this place.
 G = Mean time per level.
                   A        B        C        D        E       F      G
               +--------+--------+--------+--------+--------+-----+--------+
         Total |   2287 |   2224 |     63 |     95 |   1752 |   3 |  762.3 |
       Dungeon |   2287 |   2224 |     63 |     95 |   1752 |   3 |  762.3 |
               +--------+--------+--------+--------+--------+-----+--------+

Top non-repeatable levels by time:
     D:2: 1104 daAuts
     D:1: 994 daAuts
     D:3: 188 daAuts
